 Dungeon Crawl Stone Soup version 0.30.0-30-g96aa6591b8 (webtiles) character file.

Game seed: 12276054360338399903

103504 Peloso the Peltast (level 15, -1/139 HPs)
             Began as a Minotaur Fighter on June 28, 2023.
             Was a High Priest of Okawaru.
             Killed from afar by a tengu reaver (17 damage)
             ... with a bolt of acid
             ... on level 15 of the Dungeon.
             The game lasted 01:05:19 (23236 turns).

Peloso the Peltast (Minotaur Fighter)              Turns: 23236, Time: 01:05:19

Health: -1/139     AC: 30    Str: 25    XL:     15   Next: 89%
Magic:  17/17      EV: 13    Int:  7    God:    Okawaru [*****.]
Gold:   1652       SH: 25    Dex: 16    Spells: 14/14 levels left

rFire   + . .        a - +4 double sword "Spiderbane" {vamp, rC+ rCorr}
rCold   + . .        d - +0 tower shield
rNeg    . . .        K - +1 plate armour {rF+}
rPois   +            V - +1 hat
rElec   .            G - +1 cloak
rCorr   +            S - +1 pair of gloves {Dex+3}
SInv    +            (no boots)
Will    ++...        j - amulet of regeneration
Stlth   +            P - ring of willpower
HPRegen 1.23/turn    W - ring "Xanoybih" {rPois AC+4 Int+2 SInv Stlth+}
MPRegen 0.15/turn

%: no passive effects
@: about to teleport, heroic
A: horns 2, retaliatory headbutt, high MP 1
a: Renounce Religion, Heroism, Finesse, Duel


You were on level 15 of the Dungeon.
You worshipped Okawaru.
Okawaru was extremely pleased with you.
You visited 4 branches of the dungeon, and saw 23 of its levels.
You also visited: Volcano.

You collected 2362 gold pieces.
You spent 710 gold pieces at shops.

Inventory:

Hand Weapons
 a - the +4 double sword "Spiderbane" (weapon) {vamp, rC+ rCorr}
   (Okawaru gifted it to you on level 14 of the Dungeon)

   rC:        It protects you from cold.
   rCorr:     It protects you from acid and corrosion.
 b - a +1 scimitar of flaming
 c - the +0 falchion of Tuale {venom, rCorr MP+9 SInv}
   (You found it on level 8 of the Dungeon)

   MP:        It affects your magic capacity (+9).
   SInv:      It lets you see invisible.
   rCorr:     It protects you from acid and corrosion.
Armour
 d - a +0 tower shield (worn)
 G - a +1 cloak (worn)
 K - a +1 plate armour of fire resistance (worn)
 S - a +1 pair of gloves of dexterity (worn)
 V - a +1 hat (worn)
Jewellery
 f - a +6 ring of dexterity
 g - a +4 ring of slaying
 j - an amulet of regeneration (around neck)
 n - an amulet of guardian spirit
 s - a +6 ring of strength
 u - an amulet of magic regeneration
 w - a +6 ring of strength
 M - the amulet of Jadoz {RegenMP Contam rN+ SInv}
   (You found it on level 9 of the Dungeon)

   [amulet of magic regeneration]

   It increases your rate of magic regeneration.
   rN:        It protects you from negative energy.
   SInv:      It lets you see invisible.
   Contam:    It causes magical contamination when unequipped.
 P - a ring of willpower (left hand)
 W - the ring "Xanoybih" (right hand) {rPois AC+4 Int+2 SInv Stlth+}
   (You bought it in a shop on level 4 of the Dungeon)

   [ring of protection]

   AC:        It affects your AC (+4).
   Int:       It affects your intelligence (+2).
   rPois:     It protects you from poison.
   SInv:      It lets you see invisible.
   Stlth:     It makes you more stealthy.
 X - a ring of willpower
 Z - a ring of protection from fire
Wands
 o - a wand of quicksilver (8)
 t - a wand of paralysis (4)
 L - a wand of digging (1)
Scrolls
 h - a scroll of enchant weapon
 k - a scroll of magic mapping
 l - 2 scrolls of poison
 m - a scroll of acquirement
 r - 7 scrolls of teleportation
 v - 3 scrolls of identify
 B - 6 scrolls of immolation
 H - 3 scrolls of blinking
 R - 4 scrolls of fear
 U - 2 scrolls of amnesia
Potions
 e - 7 potions of curing
 i - 2 potions of might
 x - a potion of mutation
 z - a potion of cancellation
 A - 7 potions of attraction {unknown}
 J - a potion of flight {unknown}
 N - 2 potions of brilliance {unknown}
 O - a potion of heal wounds {unknown}
 Q - a potion of invisibility {unknown}
Miscellaneous
 p - a phial of floods
 q - a condenser vane


   Skills:
 + Level 14.6(19.6) Fighting
 + Level 16.5(21.5) Long Blades
 + Level 15.0(20.0) Armour
 + Level 5.8(10.8) Dodging
 + Level 3.7(8.7) Stealth
 + Level 20.8(25.8) Shields
 + Level 2.3 Invocations
 + Level 1.1 Evocations


You had 14 spell levels left.
You didn't know any spells.
Your spell library contained the following spells:

 Spells                   Type           Power      Damage    Failure   Level
 Blink                    Tloc           0%         N/A       99%         2
 Ensorcelled Hibernation  Hex/Ice        0%         N/A       99%         2
 Lesser Beckoning         Tloc           0%         N/A       99%         2
 Momentum Strike          Conj/Tloc      0%         3d8       99%         2
 Scorch                   Fire           0%         2d5       99%         2
 Sublimation of Blood     Necr           0%         N/A       99%         2
 Dazzling Flash           Conj/Hex       0%         N/A       100%        3
 Gell's Gravitas          Tloc           0%         N/A       100%        3
 Spider Form              Tmut/Pois      0%         N/A       100%        3
 Teleport Other           Tloc           0%         N/A       100%        3
 Volatile Blastmotes      Fire/Tloc      0%         2d10      100%        3
 Anguish                  Hex/Necr       0%         N/A       100%        4
 Fulminant Prism          Conj/Hex       0%         3d5       100%        4
 Iskenderun's Mystic Bla  Conj/Tloc      0%         2d3       100%        4
 Passage of Golubria      Tloc           0%         N/A       100%        4
 Blade Hands              Tmut           0%         N/A       100%        5
 Lee's Rapid Deconstruct  Erth           0%         3d4*      100%        5
 Yara's Violent Unravell  Hex/Tmut       0%         3d3       100%        5
 Iron Shot                Conj/Erth      0%         9d1       100%        6
 Starburst                Conj/Fire      0%         6d3       100%        6
 Tukima's Dance           Hex            Unusable   N/A       N/A         3
 Animate Armour           Summ/Erth      Unusable   N/A       N/A         4

Dungeon Overview and Level Annotations

Branches:
Dungeon (15/15)            Temple (1/1) D:4            Lair (5/5) D:10
  Swamp (0/4) Lair:3       Spider (0/4) Lair:3        Slime (0/5) Lair:5
    Orc (2/2) D:12            Elf (0/3) Orc:2        Vaults (0/5) D:14
 Depths (0/4) D:15        Volcano (visited)

Altars:
Ashenzari
Cheibriados
Dithmenos
Elyvilon
Fedhas
Gozag
Hepliaklqana
Kikubaaqudgha
Makhleb
Nemelex Xobeh
Okawaru
Qazlal
Ru
Sif Muna
Trog
Uskayaw
Vehumet
Wu Jian
Xom
Yredelemnul
Zin
The Shining One

Shops:
D:2 !   D:4 =   D:7 !   Orc:1 =   Orc:2 *=[(

Annotations:
Temple 4 transporters
Lair:1 Casa


Innate Abilities, Weirdness & Mutations

You have a pair of horns on your head.
You reflexively headbutt those who attack you in melee.
You have an increased reservoir of magic. (+10% MP)


Message History

You block the tengu reaver's attack.
The tengu reaver claws you but does no damage.
You slash the tengu reaver! Your headbutt misses the tengu reaver.
The tengu reaver is heavily wounded.
You block the skeletal warrior's attack.
You block the tengu reaver's attack.
The tengu reaver pecks you but does no damage.
The tengu reaver claws you.
A centaur warrior comes into view.
The tengu reaver points at you and mumbles some strange words.
The bolt of lightning hits you!!! The bolt of lightning misses you.
You hear a roar!
You slice the tengu reaver!!
You feel better.
The tengu reaver is severely wounded.
The tengu reaver hits you but does no damage.
You block the tengu reaver's attack. x2
The skeletal warrior hits you from afar with a +0 halberd!!
Unknown command.
You miss the tengu reaver.
The tengu reaver is severely wounded.
The tengu reaver points at you and mumbles some strange words.
The bolt of fire hits you! You resist.
Unknown command.
You hit the tengu reaver.
You feel better.
The tengu reaver is severely wounded.
The tengu reaver barely misses you. You furiously retaliate!
You headbutt the tengu reaver! You block the tengu reaver's attack. x2
The skeletal warrior barely misses you. The tengu reaver casts a spell at you.
The bolt of lightning misses you. The bolt of lightning hits you!!
* * * LOW HITPOINT WARNING * * *
As you read the scroll of teleportation, it crumbles to dust.
You feel strangely unstable.
You block the skeletal warrior's attack.
The tengu reaver gestures at you while chanting.
The bolt of fire hits you! You resist.
* * * LOW HITPOINT WARNING * * *
The tengu reaver points at you and mumbles some strange words.
The bolt of acid hits you! You resist.
You die...

##...†.##......#.......####.####
##...#############+#### #.#
####.####..###.###..##.####.#
#....###....##..##.###......#
#).###.....†.'.#.#.###.######
##.##..#....#####......#
#.....###..#####.....###
##.#..#######.#Q###### ######..#
##..@Qc## .....#######zc#
........#####c# .#####..Q.....#
##............# ......####..Qc#
.......t.##...# ..###.....#....#
..#...##..#....#


You could see 2 tengu reavers, a skeletal warrior, a centaur warrior and 2
centaurs.

Vanquished Creatures
  Jorgrun (Orc:1)
  Gastronok (D:12)
  Kirke (D:11)
  An orc warlord (Orc:2)
  Nessos (Lair:2)
  A demonspawn black sun (D:13)
  Snorg (Lair:4)
  A fire dragon (Lair:5)
  Josephine (D:12)
  8 hydras
  Erolcha (Orc:1)
  4 vault guards (D:13)
  Harold (D:10)
  An ogre mage (Volcano)
  A catoblepas (D:13)
  8 two-headed ogres
  5 centaur warriors
  Erica (Orc:1)
  3 boulder beetles
  14 death yaks
  3 orc high priests (Orc:2)
  A hell knight (Volcano)
  Nergalle (D:10)
  4 sun demons
  The ghost of LittleThickWarRabbit the Cleaver, a novice MiFi of Ashenzari (D:8)
  A glowing orange brain (D:15)
  A wizard (D:13)
  A lindwurm (Lair:5)
  3 orc knights (Orc:2)
  13 ugly things
  A wolf spider (shapeshifter) (D:13)
  4 orc sorcerers
  4 oklob plants (Lair:4)
  A moth of wrath (D:8)
  6 cyclopes
  5 manticores
  A manticore (shapeshifter) (D:15)
  A black mamba (shapeshifter) (D:13)
  Maurice (Orc:1)
  4 molten gargoyles
  6 black mambas
  5 cane toads
  3 rime drakes
  7 gargoyles
  10 komodo dragons
  3 yaktaurs (D:14)
  A wind drake (shapeshifter) (D:15)
  A queen bee (shapeshifter) (D:14)
  2 burning bushes (Lair:2)
  8 trolls
  5 polar bears
  A tarantella (Lair:2)
  6 blink frogs
  A dream sheep (D:7)
  29 slime creatures
  A centaur simulacrum (D:14)
  A shadow (D:13)
  3 large abominations
  3 small abominations (D:14)
  Eustachio (D:6)
  4 humans
  Grum (D:11)
  8 wyverns
  6 fire bats (Volcano)
  2 steam dragons (Lair:5)
  A vampire (D:13)
  4 wraiths
  35 yaks
  10 basilisks
  6 hogs
  10 vampire mosquitoes
  2 wargs
  14 water moccasins
  2 acid dragons
  3 hell hounds (Lair:5)
  26 orc warriors
  2 ice beasts
  11 black bears
  2 sky beasts
  13 ogres
  13 wolves
  3 centaurs
  2 phantoms (D:6)
  12 bullfrogs
  6 kobold brigands
  A gnoll sergeant (D:12)
  5 scorpions
  12 wights
  4 killer bees (D:10)
  6 electric eels
  A howler monkey (D:9)
  11 lava snakes
  5 jellies
  4 hounds
  9 orc priests
  3 sleepcaps
  3 iguanas
  15 orc wizards
  A mummy (D:4)
  Robin (D:4)
  10 gnolls
  4 adders
  2 shadow imps (D:7)
  2 white imps
  2 ufetubi (D:6)
  A worm (D:2)
  2 dart slugs
  57 orcs
  11 bats
  3 endoplasms
  12 goblins
  9 hobgoblins
  3 quokkas
  5 ball pythons
  5 frilled lizards
  25 kobolds
  6 rats
648 creatures vanquished.

Vanquished Creatures (others)
  An orc priest (Orc:1)
  An orc wizard (Orc:1)
  An orc (Orc:1)
  A goblin (D:4)
4 creatures vanquished.

Grand Total: 652 creatures vanquished

Notes
Turn   | Place    | Note
-------+----------+-------------------------------------------
     0 | D:1      | Peloso the Minotaur Fighter began the quest for the Orb.
     0 | D:1      | Reached XP level 1. HP: 19/19 MP: 0/0
   210 | D:1      | Reached XP level 2. HP: 27/27 MP: 1/1
   656 | D:1      | Gained mutation: You are agile. (Dex +4, Str/Int -1)
                  | [potion of mutation]
   656 | D:1      | Gained mutation: You are partially covered in iridescent
                  | scales. (AC +2) [potion of mutation]
   662 | D:1      | Lost mutation: You are agile. (Dex +4, Str/Int -1) [potion
                  | of mutation]
   662 | D:1      | Lost mutation: You are partially covered in iridescent
                  | scales. (AC +2) [potion of mutation]
   662 | D:1      | Gained mutation: You have an increased reservoir of magic.
                  | (+10% MP) [potion of mutation]
   867 | D:2      | Reached skill level 4 in Shields
  1062 | D:2      | Reached XP level 3. HP: 27/33 MP: 2/2
  1089 | D:2      | Found Ikouc's Distillery.
  1115 | D:2      | Bought a potion of degeneration for 10 gold pieces
  1551 | D:3      | Noticed a scorpion
  1668 | D:2      | Killed a scorpion
  1669 | D:2      | Reached XP level 4. HP: 40/40 MP: 3/3
  2013 | D:3      | Reached XP level 5. HP: 46/46 MP: 4/4
  2242 | D:4      | Reached skill level 5 in Armour
  2294 | D:4      | Noticed a black bear
  2314 | D:4      | Killed a black bear
  2315 | D:4      | Reached XP level 6. HP: 53/53 MP: 5/5
  2325 | D:4      | Found a snail-covered altar of Cheibriados.
  2409 | D:4      | Reached skill level 1 in Dodging
  2461 | D:4      | Noticed Robin
  2489 | D:4      | Killed Robin
  2571 | D:4      | Found a staircase to the Ecumenical Temple.
  2575 | Temple   | Entered the Ecumenical Temple
  2575 | Temple   | Found a transporter.
  2575 | Temple   | Found a transporter.
  2577 | Temple   | Found a transporter.
  2577 | Temple   | Found a transporter.
  2718 | D:4      | Reached skill level 5 in Long Blades
  2752 | D:4      | Found Uhon's One-of-a-Kind Rings.
  2966 | D:4      | Found a radiant altar of Vehumet.
  2967 | D:4      | Found a sparkling altar of Nemelex Xobeh.
  3132 | D:5      | Entered Level 5 of the Dungeon
  3182 | D:5      | Reached skill level 5 in Fighting
  3319 | D:5      | Reached XP level 7. HP: 61/61 MP: 6/6
  3442 | D:5      | Found an iron altar of Okawaru.
  3474 | D:5      | Became a worshipper of Warmaster Okawaru
  3729 | D:6      | Reached skill level 5 in Shields
  3739 | D:6      | Reached * piety under Okawaru
  3740 | D:6      | Reached XP level 8. HP: 70/70 MP: 7/7
  3822 | D:6      | Noticed Eustachio
  3839 | D:6      | Killed Eustachio
  3978 | D:6      | Reached skill level 1 in Stealth
  4119 | D:6      | Reached ** piety under Okawaru
  4542 | D:7      | Reached XP level 9. HP: 78/78 MP: 8/8
  4640 | D:7      | Reached skill level 6 in Shields
  4818 | D:7      | Found a huge runed translucent gate.
  4818 | D:7      | Found a huge runed translucent gate.
  4818 | D:7      | Noticed a manticore
  4819 | D:7      | Found a huge runed translucent gate.
  4819 | D:7      | Noticed a polar bear
  4819 | D:7      | Noticed a manticore
  4821 | D:7      | Found a huge runed translucent gate.
  4821 | D:7      | Noticed a manticore
  4821 | D:7      | Noticed a polar bear
  4837 | D:7      | Found Veiss's Distillery.
  4881 | D:7      | Found an ancient bone altar of Kikubaaqudgha.
  4978 | D:7      | Noticed a polar bear
  5287 | D:8      | Reached *** piety under Okawaru
  5289 | D:8      | Reached skill level 10 in Long Blades
  5333 | D:8      | Found a stormy altar of Qazlal.
  5421 | D:8      | Found a transporter.
  5424 | D:8      | Noticed LittleThickWarRabbit's ghost (novice MiFi)
  5431 | D:8      | Noticed a moth of wrath
  5432 | D:8      | Noticed an eight-headed hydra
  5712 | D:8      | Identified the +0 falchion of Tuale {venom, rCorr MP+9
                  | SInv}
  5813 | D:8      | Found a transporter.
  6217 | D:8      | Reached XP level 10. HP: 66/90 MP: 10/10
  6677 | D:9      | Identified the amulet of Jadoz {RegenMP Contam rN+ SInv}
  6897 | D:9      | Reached **** piety under Okawaru
  6903 | D:9      | Reached skill level 7 in Shields
  6998 | D:9      | Noticed a gargoyle
  7012 | D:9      | Killed a gargoyle
  7286 | D:10     | Entered Level 10 of the Dungeon
  7313 | D:10     | Noticed Nergalle
  7328 | D:10     | Killed Nergalle
  7416 | D:10     | Reached skill level 8 in Shields
  7539 | D:10     | Reached ***** piety under Okawaru
  7540 | D:10     | Reached skill level 9 in Shields
  7573 | D:10     | Found a staircase to the Lair.
  7616 | D:10     | Noticed Harold
  7622 | D:10     | Noticed a manticore
  7631 | D:10     | Killed Harold
  7632 | D:10     | Reached skill level 10 in Armour
  7632 | D:10     | Reached XP level 11. HP: 97/97 MP: 11/11
  7694 | D:10     | Reached skill level 10 in Shields
  7883 | D:10     | Found a glowing golden altar of the Shining One.
  8240 | D:11     | Reached skill level 11 in Shields
  8524 | D:11     | Noticed a two-headed ogre
  8535 | D:11     | Killed a two-headed ogre
  8535 | D:11     | Received a gift from Okawaru
  8594 | D:11     | Noticed Grum
  8609 | D:11     | Killed Grum
  8812 | Lair:1   | Entered Level 1 of the Lair of Beasts
  8848 | Lair:1   | Found a dark tunnel.
  8874 | Volcano  | Entered a volcano
  8912 | Volcano  | Reached skill level 10 in Fighting
  8920 | Volcano  | Reached ****** piety under Okawaru
  9030 | Volcano  | Noticed a two-headed ogre
  9039 | Volcano  | Killed a two-headed ogre
  9040 | Volcano  | Reached skill level 12 in Shields
  9040 | Volcano  | Noticed a hell knight
  9064 | Volcano  | Killed a hell knight
  9064 | Volcano  | Identified the +1 ring mail of Generosity {*Corrode rC++
                  | Regen+ Slay+3} (Okawaru gifted it to you in a volcano)
  9064 | Volcano  | Received a gift from Okawaru
  9120 | Volcano  | Found a radiant altar of Vehumet.
  9120 | Volcano  | Noticed a two-headed ogre
  9120 | Volcano  | Noticed an ogre mage
  9120 | Volcano  | Noticed a two-headed ogre
  9126 | Volcano  | Killed an ogre mage
  9130 | Volcano  | Killed a two-headed ogre
  9131 | Volcano  | Reached skill level 1 in Invocations
  9131 | Volcano  | Reached XP level 12. HP: 92/107 MP: 13/13
  9134 | Volcano  | Killed a two-headed ogre
  9191 | Volcano  | Noticed a two-headed ogre
  9197 | Volcano  | Killed a two-headed ogre
  9211 | Volcano  | Noticed a two-headed ogre
  9231 | Volcano  | Killed a two-headed ogre
  9324 | Volcano  | Reached skill level 13 in Shields
  9416 | Lair:1   | Reached skill level 5 in Dodging
 10252 | Lair:1   | Reached skill level 14 in Shields
 10559 | Lair:2   | Noticed a death yak
 10561 | Lair:2   | Noticed a death yak
 10561 | Lair:2   | Noticed a death yak
 10561 | Lair:2   | Noticed a death yak
 10564 | Lair:2   | Noticed a death yak
 10584 | Lair:1   | Killed a death yak
 10584 | Lair:1   | Received a gift from Okawaru
 10732 | D:10     | Killed a death yak
 10791 | D:10     | Killed a death yak
 10803 | D:10     | Killed a death yak
 10974 | Lair:2   | Killed a death yak
 11557 | Lair:3   | Noticed Nessos
 11713 | D:12     | Noticed Josephine
 11727 | D:12     | Noticed a two-headed ogre
 11738 | D:12     | Killed Josephine
 11742 | D:12     | Killed a two-headed ogre
 11743 | D:12     | Reached skill level 15 in Shields
 11743 | D:12     | Reached XP level 13. HP: 74/116 MP: 14/14
 12110 | D:12     | Noticed Kirke
 12211 | D:11     | Killed Kirke
 12269 | D:12     | Reached skill level 16 in Shields
 12379 | D:12     | Noticed Gastronok
 12424 | D:12     | Killed Gastronok
 12595 | D:12     | Found a staircase to the Orcish Mines.
 12826 | Orc:1    | Entered Level 1 of the Orcish Mines
 12826 | Orc:1    | Found Azuehox's Jewellery Emporium.
 12835 | Orc:1    | Identified the +1 robe of the Game of Life {Str+3} (Okawaru
                  | gifted it to you on level 1 of the Orcish Mines)
 12835 | Orc:1    | Received a gift from Okawaru
 12844 | Orc:1    | Noticed Erolcha
 12881 | Orc:1    | Killed Erolcha
 12882 | Orc:1    | Noticed Maurice
 12906 | Orc:1    | Killed Maurice
 13035 | Orc:1    | Noticed Jorgrun
 13060 | Orc:1    | Killed Jorgrun
 13236 | Orc:2    | Entered Level 2 of the Orcish Mines
 13378 | Orc:2    | Found Peli's General Store.
 13404 | Orc:2    | Reached skill level 17 in Shields
 13589 | Orc:2    | Found Vearo's Antique Armour Shoppe.
 13595 | Orc:2    | Noticed an orc warlord
 13634 | Orc:2    | Killed an orc warlord
 13803 | Orc:2    | Reached XP level 14. HP: 126/127 MP: 16/16
 13901 | Orc:2    | Found a staircase to the Elven Halls.
 13999 | Orc:2    | Found Pesi's Antique Weapon Shoppe.
 14099 | Orc:2    | Found Qodov's Jewellery Boutique.
 14253 | Orc:1    | Noticed Erica
 14272 | Orc:1    | Killed Erica
 14422 | Orc:1    | Paralysed by an orc sorcerer for 5 turns
 14745 | D:4      | Bought the ring "Xanoybih" {rPois AC+4 Int+2 SInv Stlth+}
                  | for 700 gold pieces
 15376 | D:8      | Killed LittleThickWarRabbit's ghost
 15382 | D:8      | Identified the scarf "Effaanik" {harm, +Blink rN++ Will-
                  | rCorr}
 15492 | D:13     | Reached skill level 18 in Shields
 15534 | D:13     | Received a gift from Okawaru
 15535 | D:13     | Reached skill level 15 in Long Blades
 16133 | D:13     | Identified the +6 mace "Vinig" {vamp, rC+ Str+3}
 16833 | Lair:3   | Found a staircase to the Swamp.
 17015 | Lair:2   | Killed Nessos
 17042 | Lair:3   | HP: 6/129 [electric eel/bolt of electricity (6)]
 17042 | Lair:3   | HP: 2/129 [electric eel/bolt of electricity (4)]
 17413 | Lair:3   | Reached skill level 1 in Evocations
 18170 | Lair:3   | Found a hole to the Spider Nest.
 18511 | Lair:3   | Received a gift from Okawaru
 18603 | Lair:4   | Reached skill level 19 in Shields
 18878 | Lair:4   | Noticed Snorg
 18890 | Lair:4   | Killed Snorg
 19346 | Lair:4   | Identified a scroll of acquirement
 19839 | Lair:5   | Entered Level 5 of the Lair of Beasts
 19847 | Lair:5   | Received a gift from Okawaru
 19848 | Lair:5   | Reached XP level 15. HP: 126/136 MP: 17/17
 20155 | Lair:5   | Identified the +0 robe "Dugrar" {rPois Str+3}
 20179 | Lair:5   | Found a staircase to the Slime Pits.
 20467 | Lair:5   | Received a gift from Okawaru
 20532 | Lair:5   | Found a large runed translucent door.
 20607 | Lair:5   | Found a large runed translucent door.
 21375 | D:14     | Found a gate to the Vaults.
 21545 | D:13     | Reached skill level 20 in Shields
 22050 | D:14     | Identified the +4 double sword "Spiderbane" {vamp, rC+
                  | rCorr} (Okawaru gifted it to you on level 14 of the
                  | Dungeon)
 22050 | D:14     | Received a gift from Okawaru
 22539 | D:14     | Got Sif Muna's Book of The Black Sun
 22947 | D:15     | Entered Level 15 of the Dungeon
 23120 | D:15     | Reached skill level 15 in Armour
 23135 | D:15     | Found a staircase to the Depths.
 23209 | D:15     | Noticed a tengu reaver
 23209 | D:15     | Noticed a tengu reaver
 23212 | D:15     | Identified the staff of death "Docatuxt" {rC- rN+ Int+4}
 23236 | D:15     | Killed from afar by a tengu reaver

Illustrated notes

Levels and vault maps discovered:
D:1:      psy_arrival_spokes, layout_basic, hex_intersection
D:2:      layout_basic, serial_shops, shop_fountains, chequers_avenue,
          wad_floor_pattern_untrapped, nrook_mini_backslash, minmay_3d_cube
D:3:      layout_basic
D:4:      layout_gridville, slow_altar_2, gammafunk_temple_overflow_statue,
          temple_hall_moat, nicolae_shop_unique_rings, nicolae_grassy_gnolls,
          uniq_robin
D:5:      layout_basic, mainiacjoe_overflow_concentric_impassable
D:6:      layout_loops_cross, uniq_eustachio
D:7:      lemuel_bear_cage, layout_loops_ring, old_standard_altar, serial_shops,
          shop
D:8:      layout_layer_cave, nicolae_qazlal_style_of_elements,
          gammafunk_ghost_berserking_beasts
D:9:      layout_basic, serial_rivers, chequers_serial_rivers_small_a,
          chequers_serial_rivers_small_3, chequers_serial_rivers_marsh,
          chequers_serial_rivers_micro_a
D:10:     layout_cave_pools, tso_metal_star, minmay_lair_entry_grove,
          hex_medium, uniq_nergalle, uniq_harold
D:11:     layout_rooms, uniq_grum
D:12:     layout_cave_pools, kennysheep_orc_monster_closet_entryway,
          amcnicky_mini_pool_small, uniq_gastronok, uniq_kirke, uniq_josephine
D:13:     layout_irregular_city, kennysheep_nub
D:14:     dreamdust_black_sun_cult, layout_rooms,
          lightli_vaults_fourway_checkpoint, minivault_19
D:15:     gammafunk_enter_depths_forms, layout_loops_cross, serial_park_square3
          [serial_park_minivault_5x5_2], minmay_fountain_box, minmay_radiant
Temple:   hellmonk_temple_divided_pantheon
Lair:1:   layout_hall_layers, nicolae_volcano_entry_two_sided,
          serial_bayou_ford_a, serial_bayou_lagoon_b
Lair:2:   layout_small_grid, evilmike_ambush [evilmike_ambush_outer_corners,
          evilmike_ambush_inner_cross], lemuel_fruit_tree
Lair:3:   layout_cave_pods, minmay_swamp_entry_eels, spider_nest_entry_rubble,
          uniq_nessos
Lair:4:   layout_small_grid, dpeg_oklob_1, uniq_snorg
Lair:5:   cheibrodos_lair_end_hotspot, layout_big_grid,
          minmay_slime_entry_pillars
Orc:1:    layout_diamond_mine, serial_shops, nicolae_shop_peninsula,
          uniq_jorgrun, uniq_erolcha, uniq_erica, uniq_maurice
Orc:2:    grunt_orc_gardens, layout_diamond_mine, grunt_orc_garden,
          grunt_orc_garden, grunt_orc_garden, grunt_orc_garden

Skill      XL: |  1  2  3  4  5  6  7  8  9 10 11 12 13 14 15 |
---------------+----------------------------------------------+-----
Armour         | 4 5 6 7 8 9 10 11 13 14 15 | 15.0
Fighting       | 4 5 6 8 9 10 11 12 13 14 | 14.6
Shields        | 4 5 6 9 12 15 17 19 20 | 20.8
Long Blades    | 3 4 5 7 9 11 12 13 14 15 16 | 16.5
Dodging        | 1 2 3 4 5 |  5.8
Stealth        | 1 3 |  3.7
Invocations    | 1 2 |  2.3
Evocations     | 1 |  1.1

Action                     |  1- 3 |  4- 6 |  7- 9 | 10-12 | 13-15 || total
---------------------------+-------+-------+-------+-------+-------++-------
  Melee: Long sword        |   101 |   102 |   274 |       |       ||   477
         Headbutt          |    16 |    21 |    64 |   207 |   609 ||   917
         Falchion          |       |       |    16 |   730 |  1163 ||  1909
         Scimitar          |       |       |       |       |   799 ||   799
         Double sword      |       |       |       |       |    99 ||    99
 Invoke: Heroism           |       |       |       |    12 |    32 ||    44
  Evoke: Wand              |       |       |       |       |     7 ||     7
    Use: Potion            |     2 |       |       |     2 |     1 ||     5
         Scroll            |     5 |     2 |     4 |     7 |    10 ||    28
   Stab: Paralysed         |       |       |       |       |    16 ||    16
 Armour: Scale mail        |    54 |    59 |   117 |       |       ||   230
         Chain mail        |       |       |       |   120 |       ||   120
         Plate armour      |       |       |       |    98 |   661 ||   759
  Dodge: Dodged            |    66 |    89 |   106 |   199 |   385 ||   845
  Block: Buckler           |    41 |    40 |    54 |       |       ||   135
         Tower shield      |       |       |    42 |   680 |  1852 ||  2574
